 Dungeon Crawl Stone Soup version 0.29-a0-422-gafbd6decc1 (webtiles) character file.

Game seed: 11637302893266303154

28 xian the Magician (level 3, -2/25 HPs)
             Began as a Palentonga Hedge Wizard on May 18, 2022.
             Was a High Priest of Ignis.
             Slain by a gnoll
             ... wielding a +0 club
              (7 damage)
             ... on level 2 of the Dungeon.
             The game lasted 00:04:30 (1902 turns).

xian the Magician (Palentonga Hedge Wizard)         Turns: 1902, Time: 00:04:31

Health: -2/25      AC:  5    Str: 13    XL:     3   Next: 0%
Magic:  8/8        EV:  9    Int: 16    God:    Ignis [*****.]
Gold:   37         SH:  0    Dex:  9    Spells: 8/9 levels left

rFire   + . .      SeeInvis +   a - +0 dagger
rCold   . . .      Faith    .   (no shield)
rNeg    . . .      Spirit   .   b - +0 robe
rPois   .          Reflect  .   c - +0 hat
rElec   .          Harm     .   i - +0 cloak
rCorr   .          Rampage  .   (no gloves)
Will    .....                   (no barding)
Stlth   +.........              (no amulet)
HPRegen 0.08/turn               l - ring of flight
MPRegen 0.11/turn               (no ring)

@: flying
A: large, rugged brown scales 3, see invisible, deformed body, roll 1, armoured
tail
a: Rolling Charge, Renounce Religion, Fiery Armour, Foxfire Swarm, Rising Flame


You were on level 2 of the Dungeon.
You worshipped Ignis.
Ignis was extremely pleased with you.
You visited 1 branch of the dungeon, and saw 2 of its levels.

You collected 37 gold pieces.

Inventory:

Hand Weapons
 a - a +0 dagger (weapon)
Armour
 b - a +0 robe (worn)
 c - a +0 hat (worn)
 i - a +0 cloak (worn)
Jewellery
 l - a ring of flight (left hand)
Scrolls
 k - a scroll of identify {unknown}
Potions
 d - a potion of magic
 e - a potion of lignification {unknown}
 f - 2 potions of cancellation {unknown}
 g - a potion of resistance {unknown}
 h - a potion of heal wounds {unknown}
 j - a potion of mutation {unknown}


   Skills:
 + Level 0.1 Fighting
 + Level 1.7 Dodging
 + Level 1.3 Stealth
 + Level 3.8 Spellcasting
 + Level 1.1 Conjurations
 + Level 0.7 Summonings
 + Level 1.0 Translocations


You had 8 spell levels left.
You knew the following spells:

 Your Spells              Type           Power      Damage    Failure   Level
a - Magic Dart            Conj           24%        1d4       11%         1

Your spell library contained the following spells:

 Spells                   Type           Power      Damage    Failure   Level
 Slow                     Hex            12%        N/A       17%         1
 Blink                    Tloc           12%        N/A       17%         2
 Call Imp                 Summ           5%         N/A       19%         2
 Conjure Flame            Conj/Fire      4%         6-21      38%         3
 Mephitic Cloud           Conj/Pois/Air  4%         N/A       41%         3


Dungeon Overview and Level Annotations

Branches:
Dungeon (2/15)

Altars:
Ignis


Innate Abilities, Weirdness & Mutations

You are completely covered in rugged brown scales. (AC +3, +7% HP)
You have supernaturally acute eyesight. (SInv)
Armour fits poorly on your strangely shaped body.
You can roll at nearby foes to attack.
You have a long armoured tail.


Message History

You have reached level 3!
Your experience leads to an increase in your attributes!
Increase (S)trength, (I)ntelligence, or (D)exterity?
You feel clever. x2
You see here a ball python corpse.
Found a stone staircase leading down.
You now have 28 gold pieces (gained 6).
You now have 37 gold pieces (gained 9). 3 gnolls come into view.
The gnoll shouts! x3; You hear a shout!
The gnoll hits you from afar with a +0 spear.
The gnoll throws a throwing net.
The throwing net barely misses you.
You see here a throwing net.
The magic dart hits the gnoll.
The gnoll is lightly wounded.
Found 2 poisoned darts.
The magic dart hits the gnoll.
The gnoll is lightly wounded.
The magic dart hits the gnoll.
The gnoll is lightly wounded.
The gnoll throws a throwing net.
The throwing net hits you.
You become entangled in the net!
You see here a throwing net.
You tear a large gash into the net.
The gnoll hits you from afar with a +0 spear.
You shred the net and break free! The gnoll completely misses you.
The gnoll hits you from afar with a +0 spear.
The gnoll attacks as you move away! The gnoll closely misses you.
The gnoll hits you but does no damage. The gnoll attacks as you move away!
The gnoll hits you but does no damage. The gnoll attacks as you move away!
The gnoll barely misses you. The gnoll attacks as you move away!
The gnoll hits you with a +0 club. The gnoll attacks as you move away!
The gnoll barely misses you. The gnoll attacks as you move away!
The gnoll hits you with a +0 club.
* * * LOW HITPOINT WARNING * * *
The gnoll attacks as you move away! The gnoll hits you with a +0 club.
* * * LOW HITPOINT WARNING * * *
The gnoll attacks as you move away! The gnoll barely misses you.
The gnoll attacks as you move away! The gnoll hits you with a +0 club!
You die...

#.#..# ####.####
.....# #.#
#.###### #.#
#......# ######.##
#.####.####
#.......# #...#
..... #.......#
#.#.##.....
#..####.#
#..........
#.^.<##.#
#..g....... #
#@##.# ###.###.(..
#.##g##.#
.##g#######
#.....†.#
#[..g...#
####g####
....###g# #.#
#.##....# #g#
..##.##g# #.#
#.##.##.# #.#
#.......########.#


You could see 3 gnolls.

Vanquished Creatures
  2 dart slugs
  3 ball pythons
  An endoplasm (D:1)
  A goblin (D:1)
  5 hobgoblins (D:1)
  2 quokkas (D:1)
  3 bats
  A frilled lizard (D:1)
  3 kobolds (D:1)
  3 rats (D:1)
24 creatures vanquished.

Vanquished Creatures (others)
  3 withered plants (D:1)
3 creatures vanquished.

Grand Total: 27 creatures vanquished

Notes
Turn   | Place    | Note
-------+----------+-------------------------------------------
     0 | D:1      | xian the Palentonga Hedge Wizard began the quest for the
                  | Orb.
     0 | D:1      | Reached XP level 1. HP: 13/13 MP: 4/4
   389 | D:1      | Reached skill level 1 in Conjurations
   522 | D:1      | Reached XP level 2. HP: 20/20 MP: 3/6
  1327 | D:1      | Found a faded altar of an unknown god.
  1354 | D:1      | Prayed at the altar of an unknown god.
  1354 | D:1      | Became a worshipper of Ignis, the Dying Flame
  1778 | D:2      | Reached XP level 3. HP: 25/25 MP: 6/8
  1902 | D:2      | Slain by a gnoll

Illustrated notes

Levels and vault maps discovered:
D:1:      dpeg_arrival_circle_labyrinth_b, layout_basic,
          ebering_ecumenical_altar_petrified
D:2:      layout_loops_cross, minmay_misc_feat_tiny

Skill      XL: |  1 |
---------------+----+-----
Conjurations   | 1 |  1.1
Fighting       | |  0.1
Dodging        | |  1.7
Stealth        | |  1.3
Spellcasting   | |  3.8
Summonings     | |  0.7
Translocations | |  1.0

Action                   || total
-------------------------++-------
Melee: Dagger            ||    43
       Tailslap          ||     6
 Cast: Magic Dart        ||    61
Armor: Robe              ||    15
Dodge: Dodged            ||    20

Table legend: (Time is in decaauts)
 A = Elapsed time spent in this place.
 B = Non-inter-level travel time spent in this place.
 C = Inter-level travel time spent in this place.
 D = Time resting spent in this place.
 E = Time spent auto-exploring this place.
 F = Levels seen in this place.
 G = Mean time per level.
                   A        B        C        D        E       F      G
               +--------+--------+--------+--------+--------+-----+--------+
         Total |   1901 |   1798 |    103 |      0 |   1485 |   2 |  950.5 |
       Dungeon |   1901 |   1798 |    103 |      0 |   1485 |   2 |  950.5 |
               +--------+--------+--------+--------+--------+-----+--------+

Top non-repeatable levels by time:
     D:1: 1659 daAuts
     D:2: 241 daAuts
